 Dungeon Crawl Stone Soup version 0.28-a0-10-g964c8b829e (webtiles) character file.

Game seed: 15892273131808262870

55 nelgraf2 the Insei (level 3, -2/28 HPs)
             Began as a Draconian Transmuter on July 25, 2021.
             Slain by a gnoll (7 damage)
             ... on level 1 of the Dungeon on July 26, 2021.
             The game lasted 00:04:27 (1968 turns).

nelgraf2 the Insei (Draconian Transmuter)           Turns: 1968, Time: 00:04:28

Health: -2/28      AC:  5    Str: 12    XL:     3   Next: 67%
Magic:  5/6        EV: 12    Int: 13    God:
Gold:   128        SH:  0    Dex: 12    Spells: 1/7 levels left

rFire   . . .      SeeInvis .     - Unarmed
rCold   . . .      Faith    .   (no shield)
rNeg    . . .      Spirit   .   (armour unavailable)
rPois   .          Reflect  .   (helmet currently unavailable)
rElec   .          Harm     .   (no cloak)
rCorr   .          Rampage  .   (no gloves)
Will    .....                   (boots currently unavailable)
Stlth   +.........              (no amulet)
HPRegen 0.09/turn               (no ring)
MPRegen 0.10/turn               (no ring)

@: appendages
A: horns 2, talons 2, AC +5, unfitting armour, cold-blooded
a: End Transformation


You were on level 1 of the Dungeon.
You had temporarily grown beastly horns and talons.
You visited 1 branch of the dungeon, and saw 2 of its levels.

You collected 128 gold pieces.

Inventory:

Missiles
 h - 3 datura-tipped darts
Scrolls
 b - a scroll of identify {unknown}
 d - a scroll of acquirement {unknown}
 f - a scroll of noise {unknown}
 g - a scroll of enchant weapon {unknown}
 i - a scroll of immolation {unknown}
Potions
 a - a potion of magic {unknown}
 c - a potion of cancellation {unknown}
 e - a potion of lignification {unknown}


   Skills:
 + Level 1.2 Fighting
 - Level 1.7 Dodging
 + Level 3.8 Unarmed Combat
 + Level 2.6 Spellcasting
 + Level 2.6 Transmutations


You had one spell level left.
You knew the following spells:

 Your Spells              Type           Power      Damage    Failure   Level
a - Beastly Appendage     Tmut           16%        N/A       9%          1
b - Spider Form           Tmut/Pois      2%         N/A       38%         3
c - Wereblood             Tmut           8%         N/A       12%         2

Your spell library contained the following spells:

 Spells                   Type           Power      Damage    Failure   Level
 Ice Form                 Ice/Tmut       5%         N/A       80%         4


Dungeon Overview and Level Annotations

Branches:
Dungeon (2/15)

Altars:


Innate Abilities, Weirdness & Mutations

You have temporarily grown beastly horns and talons.
Your plain brown scales are hard. (AC +5)
You cannot fit into any form of body armour.
You are cold-blooded and may be slowed by cold attacks.


Message History

You grow a pair of large bovine horns.
Your feet morph into talons.
Your transformation is almost over.
The gnoll closely misses you.
You barely miss the gnoll. The gnoll barely misses you.
You punch the gnoll! Your kick misses the gnoll.
The gnoll is heavily wounded.
The gnoll barely misses you.
You hit the gnoll. Your headbutt misses the gnoll.
The gnoll is severely wounded.
The gnoll hits you with a +0 spear!
You closely miss the gnoll. You claw the gnoll.
You kill the gnoll!
No target in view!
No target in view!
You start resting.
Your horns disappear.
Your talons disappear.
Unknown command.
You start resting.
HP restored.
This spell is extremely dangerous to cast!
Memorise Spider Form, consuming 3 spell levels and leaving 3?
You start memorising the spell.
You continue memorising. x3
You finish memorising.
Spell assigned to 'b'.
Memorise Wereblood, consuming 2 spell levels and leaving 1?
You start memorising the spell.
You continue memorising. x2
You finish memorising.
Spell assigned to 'c'.
You climb downwards.
The gnoll hits you with a +0 flail! The gnoll hits you with a +0 whip!
The gnoll closely misses you.
There is a stone staircase leading up, spattered with blood here.
The gnoll hits you with a +0 whip.
* * * LOW HITPOINT WARNING * * *
The gnoll barely misses you. The gnoll hits you with a +0 flail.
* * * LOW HITPOINT WARNING * * *
You climb upwards.
There is a stone staircase leading down here.
Casting: Beastly Appendage (safe; 9% risk of failure)
Confirm with . or Enter, or press ? or * to list all spells.
You grow a pair of large bovine horns.
Your feet morph into talons.
The gnoll barely misses you. The gnoll hits you with a +0 flail!
You die...

#.......#.#.....##...##
#.......#.#...........#
..#.....#'####........#
..#######.#8.#......#.#
.##..........#......#.#
###8..8..8...#......#.##
..+.........<##.....#..#
###8..8..8...##).)..##.#########
###..........##.@...#..........#
..#######.#8.##gg...#..........#
#...#####'####......#..........#
###.....#.#.........#..........#
........#.#...#######..........#
....###.#.#...######..........##
.....##.#.#...................#
.....##.#.#...................#
.....##.#.#...................#


You could see 2 gnolls.

Vanquished Creatures
  A gnoll (D:1)
  An adder (D:2)
  2 dart slugs (D:1)
  An orc (D:2)
  4 endoplasms
  2 goblins
  3 hobgoblins
  4 jackals (D:1)
  4 ball pythons
  4 bats (D:1)
  3 kobolds (D:1)
  A rat (D:1)
30 creatures vanquished.

Notes
Turn   | Place    | Note
-------+----------+-------------------------------------------
     0 | D:1      | nelgraf2 the Draconian Transmuter began the quest for the
                  | Orb.
     0 | D:1      | Reached XP level 1. HP: 16/16 MP: 3/3
   304 | D:1      | Reached XP level 2. HP: 17/23 MP: 3/5
   920 | D:1      | Found a faded altar of an unknown god.
  1305 | D:2      | Reached XP level 3. HP: 28/28 MP: 4/6
  1961 | D:1      | Learned a level 3 spell: Spider Form
  1964 | D:1      | Learned a level 2 spell: Wereblood
  1968 | D:1      | Slain by a gnoll

Illustrated notes

Levels and vault maps discovered:
D:1:      elethiomel_arrival_quiet, layout_rooms,
          hellmonk_ecumenical_altar_heavens_door, item_on_display_a
D:2:      layout_basic, minmay_randomly_rotated_circles

Action                   || total
-------------------------++-------
Melee: Unarmed           ||    87
       Kick              ||    19
       Headbutt          ||     8
       Tailslap          ||     4
 Cast: Beastly Appendage ||    19
Armor: Skin              ||    46
Dodge: Dodged            ||   102

Table legend: (Time is in decaauts)
 A = Elapsed time spent in this place.
 B = Non-inter-level travel time spent in this place.
 C = Inter-level travel time spent in this place.
 D = Time resting spent in this place.
 E = Time spent auto-exploring this place.
 F = Levels seen in this place.
 G = Mean time per level.
                   A        B        C        D        E       F      G
               +--------+--------+--------+--------+--------+-----+--------+
         Total |   1964 |   1960 |      4 |    964 |    695 |   2 |  982.0 |
       Dungeon |   1964 |   1960 |      4 |    964 |    695 |   2 |  982.0 |
               +--------+--------+--------+--------+--------+-----+--------+

Top non-repeatable levels by time:
     D:1: 1362 daAuts
     D:2: 602 daAuts
